 Dungeon Crawl Stone Soup version 0.21.1-1-g345015f (webtiles) character file.

38 relionnb the Shield-Bearer (level 3, 0/29 HPs)
             Began as a Formicid Fighter on Mar 8, 2018.
             Slain by a bullfrog skeleton (3 damage)
             ... on level 3 of the Dungeon.
             The game lasted 00:02:32 (935 turns).

relionnb the Shield-Bearer (Formicid Fighter)        Turns: 935, Time: 00:02:33

Health: 0/29       AC:  6    Str: 21    XL:     3   Next: 65%
Magic:  3/3        EV:  7    Int:  7    God:
Gold:   25         SH:  9    Dex: 10    Spells: 2/2 levels left

rFire    . . .     SeeInvis +   a - +0 long sword
rCold    . . .     Gourm    .   c - +0 shield
rNeg     . . .     Faith    .   b - +0 scale mail
rPois    .         Spirit   .   (helmet unavailable)
rElec    .         Reflect  .   (no cloak)
rCorr    .         Harm     .   (no gloves)
MR       .....                  (no boots)
Stlth    ..........             (no amulet)
HPRegen  0.09/turn              (no ring)
MPRegen  0.08/turn              (no ring)

@: heavily drained
A: permanent stasis, dig shafts and tunnels, four strong arms, antennae 3
a: Dig, Shaft Self


You were on level 3 of the Dungeon.
You were not hungry.

You visited 1 branch of the dungeon, and saw 3 of its levels.

You collected 25 gold pieces.

Inventory:

Hand Weapons
 a - a +0 long sword (weapon)
Armour
 b - a +0 scale mail (worn)
 c - a +0 shield (worn)
Jewellery
 o - a +3 ring of strength {unknown}
Wands
 p - a wand of digging (14)
Scrolls
 e - 3 scrolls of identify {unknown}
 g - a scroll of fog {unknown}
 h - a scroll of magic mapping {unknown}
 k - a scroll of remove curse {unknown}
Potions
 d - a potion of might
 i - a potion of haste {unknown}
 j - a potion of curing {unknown}
 l - a potion of degeneration {unknown}
 m - a potion of heal wounds {unknown}
 n - a potion of agility {unknown}
 q - a potion of berserk rage {unknown}
Comestibles
 f - 4 rations


   Skills:
 + Level 3.5(1.9) Fighting
 + Level 2.1(0.6) Long Blades
 + Level 3.5(2.0) Armour
 + Level 1.1(0.0) Dodging
 + Level 4.3(2.7) Shields


You had 2 spell levels left.
You didn't know any spells.

Dungeon Overview and Level Annotations

Branches:
Dungeon (3/15)

Altars:


Innate Abilities, Weirdness & Mutations

You cannot be hasted, slowed, berserked, paralysed or teleported.
You can dig through walls and to a lower floor.
Your four strong arms can wield two-handed weapons with a shield.
You have a pair of large antennae on your head. (SInv)


Message History

You block the bullfrog skeleton's attack.
The bullfrog skeleton hits you.
You block the bullfrog skeleton's attack.
The bullfrog skeleton hits you.
* * * LOW HITPOINT WARNING * * *
The bullfrog skeleton hits you.
* * * LOW HITPOINT WARNING * * *
You block the bullfrog skeleton's attack. x2
The bullfrog skeleton hits you but does no damage.
The bullfrog skeleton hits you.
* * * LOW HITPOINT WARNING * * *
You block the bullfrog skeleton's attack.
The bullfrog skeleton barely misses you.
You riposte.
You hit the bullfrog skeleton.
The bullfrog skeleton is heavily damaged.
The bullfrog skeleton hits you.
* * * LOW HITPOINT WARNING * * *
The bullfrog skeleton hits you but does no damage.
The bullfrog skeleton hits you.
You die...

#########....#######
................<...
.####[............#
#.#######...... #
#.# #...... #. ###.#
#...... #.. #...#
#...... .##...##.###
#...... ......Z@...+
{#......
########.### #......
..# {.###### ### ..
..


You could see a bullfrog skeleton.

Vanquished Creatures
  Terence (D:3)
  2 giant cockroaches (D:1)
  A goblin (D:3)
  2 hobgoblins (D:1)
  A kobold (D:1)
  3 bats (D:1)
  A frilled lizard (D:1)
  3 rats (D:1)
14 creatures vanquished.

Notes
Turn   | Place    | Note
-------+----------+-------------------------------------------
     0 | D:1      | relionnb the Formicid Fighter began the quest for the Orb.
     0 | D:1      | Reached XP level 1. HP: 18/18 MP: 1/1
   266 | D:1      | Reached XP level 2. HP: 24/24 MP: 2/2
   362 | D:1      | Reached skill level 4 in Shields
   744 | D:3      | Noticed Terence
   761 | D:3      | Killed Terence
   761 | D:3      | Reached skill level 1 in Dodging
   761 | D:3      | Reached XP level 3. HP: 14/29 MP: 3/3
   935 | D:3      | Slain by a bullfrog skeleton

Skill      XL: |  1  2 |
---------------+-------+-----
Shields        | 4 |  4.3
Dodging        | 1 |  1.1
Fighting       | |  3.5
Long Blades    | |  2.1
Armour         | |  3.5

Action                   || total
-------------------------++-------
Melee: Long sword        ||    29
Armor: Scale mail        ||   101
Dodge: Dodged            ||    82
Block: Shield            ||   128
       Rpst.: Long sword ||    28
